Map: Para Site LE

Players

aGaham

  • Race: Zerg Zerg
  • League: Master
  • Spawn Location: 5:00

Marsman - Winner!

  • Race: Protoss Protoss
  • League: Grandmaster
  • Spawn Location: 11:00

Event: DSCL Nationals 2018 - Finals

VOD

Have the link to the VOD?

Description

Time

  • Played on: Dec. 1, 2018, 10:15 a.m.
  • Length: 9:19

All games in this series

Show
View Real Time Build Order
Export as new Build Order

aGaham Zerg 

Build Orders: Hatch First 

Get SALT Encoding   

  12  0:00  Drone  
  13  0:12  Overlord  
  13  0:18  Drone  
  14  0:31  Drone x2  
  14  0:35  Drone  
  17  0:51  Hatchery  
  17  0:54  Drone  
  18  0:57  Drone  
  18  1:08  Extractor  
  17  1:11  Spawning Pool  
  17  1:14  Drone  
  17  1:18  Drone  
  18  1:28  Drone  
  19  1:39  Overlord  
  19  1:58  Queen, Zergling x2  
  19  2:00  Zergling x2  
  23  2:02  Queen  
  23  2:08  Metabolic Boost  
  25  2:13  Zergling x4  
  25  2:14  Zergling x2  
  28  2:22  Zergling x2  
  29  2:29  Zergling x2  
  30  2:38  Hatchery  
  30  2:43  Overlord  
  29  2:47  Drone x2  
  31  2:55  Drone x2  
  33  3:04  Drone x2  
  35  3:06  Drone x3  
  35  3:10  Drone  
  39  3:14  Drone  
  39  3:19  Overlord  
  40  3:25  Drone x3  
  43  3:36  Queen, Overlord  
  43  3:38  Drone  
  46  3:41  Drone x2  
  46  3:45  Drone x2  
  50  3:48  Drone  
  50  3:49  Drone  
  52  3:56  Overlord  
  52  3:57  Lair  
  52  4:03  Roach Warren  
  52  4:05  Drone  
  52  4:09  Extractor x2  
  50  4:12  Drone x3  
  50  4:13  Drone x2  
  50  4:16  Drone  
  56  4:21  Drone x3  
  59  4:25  Extractor  
  59  4:27  Drone x4  
  61  4:39  Drone x4  
  61  4:40  Overlord  
  61  4:45  Overlord x2  
  65  4:46  Overlord  
  65  4:54  Overlord x2  
  65  4:56  Glial Reconstitution  
  65  5:03  Roach x3  
  71  5:11  Roach x4  
  79  5:19  Roach x4  
  87  5:27  Roach  
  87  5:28  Roach x4  
  97  5:33  Roach x3  
  97  5:35  Ravager x2  
  105  5:42  Roach x3  
  111  5:52  Drone x3  
  111  5:53  Extractor x2  
  112  6:00  Evolution Chamber  
  112  6:02  Drone  
  112  6:03  Drone x2  
  114  6:09  Hydralisk Den  
  114  6:10  Drone  
  114  6:16  Ravager x2  
  91  6:43  Overlord x4  
  75  6:51  Roach x2  
  75  6:52  Roach x2  
  69  6:57  Roach x4  
  69  7:00  Drone x3  
  74  7:05  Ravager  
  74  7:06  Ravager x2  
  74  7:07  Drone x5  
  82  7:19  Queen x2, Drone x3  
  89  7:24  Ravager  
  92  7:30  Drone x3  
  94  7:37  Drone x4  
  97  7:46  Roach x4  
  105  8:05  Roach x6  
  104  8:06  Roach  
  101  8:17  Roach x3  
  94  8:27  Zergling x6  
  94  8:28  Zergling x6  
  94  8:29  Ravager  
  101  8:40  Zergling x10  
  90  8:55  Zergling x2  
Show
View Real Time Build Order
Export as new Build Order

Marsman Protoss - Winner!

Build Orders: 1 Gate Expand 

Get SALT Encoding   

  12  0:00  Probe  
  13  0:12  Probe  
  14  0:19  Pylon  
  14  0:24  Probe  
  15  0:35  Probe  
  15  0:38  Gateway  
  16  0:43  Probe  
  16  0:46  Assimilator  
  17  0:52  Probe  
  18  1:03  Probe  
  19  1:15  Probe  
  20  1:24  Nexus  
  20  1:35  Cybernetics Core  
  20  1:37  Probe  
  21  1:43  Assimilator  
  21  1:49  Probe  
  22  1:54  Pylon  
  23  2:01  Probe  
  23  2:03  Adept  
  23  2:13  Probe  
  26  2:22  Stalker  
  26  2:25  Probe  
  26  2:28  Robotics Facility  
  29  2:40  Probe x2  
  31  2:45  Sentry  
  31  2:46  Gateway  
  31  2:57  Shield Battery  
  33  2:58  Probe  
  33  3:07  Sentry  
  33  3:10  Gateway  
  35  3:14  Gateway  
  35  3:15  Probe  
  35  3:17  Probe  
  37  3:22  Warp Gate  
  37  3:25  Pylon  
  37  3:27  Probe  
  37  3:29  Probe  
  39  3:34  Immortal  
  39  3:41  Probe  
  40  3:47  Probe  
  45  4:00  Probe x2  
  45  4:02  Assimilator  
  47  4:04  Immortal  
  47  4:05  Pylon  
  47  4:06  Assimilator  
  47  4:12  Probe  
  47  4:15  Pylon  
  47  4:16  Probe  
  53  4:25  Probe  
  54  4:32  Gateway  
  54  4:33  Warp Prism  
  54  4:34  Sentry x2  
  58  4:41  Gateway  
  60  4:46  Gateway  
  60  4:48  Gateway  
  60  4:53  Gateway  
  60  5:03  Pylon  
  60  5:22  Pylon  
  60  5:24  Sentry x2  
  60  5:27  Stalker  
  66  5:36  Gateway  
  66  5:54  Stalker  
  66  5:55  Stalker x4  
  66  5:56  Zealot  
  66  5:57  Zealot  
  80  6:01  Pylon  
  80  6:02  Pylon  
  80  6:04  Pylon  
  80  6:17  Stalker x2  
  80  6:18  Zealot x2  
  86  6:24  Zealot x3  
  76  6:42  Zealot x2  
  76  6:43  Zealot x3  
  76  6:46  Immortal  
  62  7:00  Sentry  
  64  7:02  Zealot x2  
  64  7:05  Probe x2  
  70  7:11  Sentry  
  70  7:12  Zealot x2  
  70  7:13  Warp Prism  
  76  7:18  Probe  
  76  7:19  Probe  
  78  7:27  Zealot x3, Sentry  
  88  7:34  Assimilator, Pylon  
  88  7:41  Stalker  
  88  7:43  Sentry  
  92  7:52  Stalker x2  
  94  8:11  Pylon  
  94  8:13  Pylon  
  94  8:24  Stalker x3  
  94  8:25  Stalker x2  
  100  8:52  Zealot x8  
Tags
 
Add a new tag
Caveats
  • Supply blocks, unpowered buildings, or Contaminate may cause inaccurate times.
  • Supply counts are checked every 10 seconds.